 Dungeon Sprint DCSS version 0.26-a0-778-g3fe0686644 (webtiles) character file.

Game seed: 12950358233345511943

28 sahdkjhfkaj the Gusty (level 3, -15/19 HPs)
             Began as a Tengu Air Elementalist on Nov 9, 2020.
             Killed from afar by a deep elf mage (19 damage)
             ... with a lance of force
             ... in the Dungeon (Sprint III: "The Ten Rune Challenge").
             The game lasted 00:01:40 (746 turns).

sahdkjhfkaj the Gusty (Tengu Air Elementalist)       Turns: 746, Time: 00:01:41

Health: -15/19     AC:  2    Str:  8    XL:     3   Next: 14%
Magic:  0/9        EV: 12    Int: 16    God:
Gold:   25         SH:  0    Dex: 14    Spells: 4/10 levels left

rFire    . . .     SeeInvis .   (no weapon)
rCold    . . .     Faith    .   (no shield)
rNeg     . . .     Spirit   .   a - +0 robe
rPois    .         Reflect  .   (helmet restricted)
rElec    .         Harm     .   (no cloak)
rCorr    .         Rampage  .   (no gloves)
MR       .....     NoTele   +   (boots unavailable)
Stlth    ++........             (no amulet)
HPRegen  0.06/turn              (no ring)
MPRegen  0.11/turn              (no ring)

@: no status effects
A: beak, talons 3
a: no special abilities


You were in the Dungeon.
You visited 1 branch You collected 25 gold pieces.

Inventory:

Armour
 a - a +0 robe (worn)
Scrolls
 g - a scroll of torment {!r, unknown}
 h - a scroll of blinking {!r}
 i - 2 scrolls of identify {!r, unknown}
 j - 3 scrolls of remove curse {!r}
 l - a scroll of immolation {!r, unknown}
Potions
 b - 4 potions of mutation {!q, unknown}
 c - a potion of curing {!q}
 e - a potion of haste {!q}
 f - 2 potions of magic {!q}
 k - 3 potions of flight {!q}


   Skills:
 - Level 2.1 Dodging
 - Level 2.0 Stealth
 + Level 4.3 Spellcasting
 + Level 4.8 Conjurations
 + Level 4.8 Air Magic


You had 4 spell levels left.
You knew the following spells:

 Your Spells              Type           Power        Failure   Level
a - Shock                 Conj/Air       ###.         2%          1
G - Static Discharge      Conj/Air       ###.....     7%          3
W - Swiftness             Air            ###.....     3%          2

Your spell library contained the following spells:

 Spells                   Type           Power        Failure   Level
 Airstrike                Air            ###.......   22%         4
 Lightning Bolt           Conj/Air       ###.......   54%         5


Dungeon Overview and Level Annotations

Branches:
Dungeon (1/1)

Altars:
Elyvilon
Zin
The Shining One


Innate Abilities, Weirdness & Mutations

You have a beak for a mouth.
You have claws for feet.


Message History

You barely miss the deep elf mage. Your kick misses the deep elf mage.
The deep elf mage is severely wounded.
You closely miss the deep elf mage.
The deep elf mage is severely wounded.
The deep elf mage closely misses you.
You hit the deep elf mage. Your kick misses the deep elf mage.
The deep elf mage is almost dead.
The deep elf mage closely misses you.
You barely miss the deep elf mage. Your kick misses the deep elf mage.
The deep elf mage is almost dead.
The deep elf mage gestures at you while chanting.
The magic dart hits you!
* * * LOW HITPOINT WARNING * * *
You hit the deep elf mage but do no damage.
You claw the deep elf mage.
The deep elf mage is almost dead.
The deep elf mage points at you and mumbles some strange words.
The lance of force hits you!!
Ouch! That really hurt!
You die...

▓▓▓▓▓▓ ▓▓▓ .....♣
♣.#### ....♣♣ ♣.#___
.....♣♣ ♣♣.#...
....≈.♣♣♣..###'#+###+##
...≈≈♣.♣♣♣.#...e@.....#
..≈≈≈≈.♣...+.*........#
..≈≈≈≈≈≈♣.E#...######+#
.≈≈≈≈≈≈....#.⌠.#
.≈≈≈≈≈.....#...#
.≈≈≈.......#+###
...........#
...........#
▓▓▓▓▓▓▓▓▓▓▓▓


You could see a deep elf mage and a battlesphere.

Vanquished Creatures
  A human (D)
  An ooze (D)
  A phantom (D)
  3 rats (D)
6 creatures vanquished.

Vanquished Creatures (others)
  A plant (D)
1 creature vanquished.

Grand Total: 7 creatures vanquished

Notes
Turn   | Place    | Note
-------+----------+-------------------------------------------
     0 | D        | sahdkjhfkaj the Tengu Air Elementalist began the quest for
                  | the Orb.
     0 | D        | Reached XP level 1. HP: 10/10 MP: 4/4
    74 | D        | Reached XP level 2. HP: 15/15 MP: 4/6
   119 | D        | Reached XP level 3. HP: 8/19 MP: 1/9
   246 | D        | Learned a level 3 spell: Static Discharge
   323 | D        | Learned a level 2 spell: Swiftness
   573 | D        | Noticed a water elemental
   728 | D        | Found a glowing silver altar of Zin.
   728 | D        | Found a glowing golden altar of the Shining One.
   728 | D        | Found a white marble altar of Elyvilon.
   728 | D        | Noticed a deep elf mage
   746 | D        | Killed from afar by a deep elf mage

Illustrated notes

Levels and vault maps discovered:
D:        dungeon_sprint_mu [sprint_mu_entry_forest, sprint_mu_temple_rooms,
          sprint_mu_d1_horrors, sprint_mu_d2_genie, sprint_mu_d3_branching,
          sprint_mu_orc_legion, sprint_mu_elf_gauntlet, sprint_mu_hive_nellie,
          sprint_mu_lair_fedhas, sprint_mu_vaults_butterflies,
          sprint_mu_slime_circle, sprint_mu_swamp_cave, sprint_mu_shoals_archi,
          sprint_mu_blade_basic, sprint_mu_crypt_lich, sprint_mu_tomb_spiral,
          sprint_mu_vestibule_basic, sprint_mu_gehenna_hellfire,
          sprint_mu_dis_giant, sprint_mu_tartarus_statrot,
          sprint_mu_cocytus_islands, sprint_mu_zot1]

Skill      XL: |  1  2 |
---------------+-------+-----
Conjurations   | 4 |  4.8
Spellcasting   | 4 |  4.3
Dodging        | |  2.1
Stealth        | |  2.0
Air Magic      | |  4.8

Action                   || total
-------------------------++-------
Melee: Unarmed           ||     9
       Kick              ||     2
       Peck              ||     1
 Cast: Shock             ||    22
       Swiftness         ||     1
       Static Discharge  ||     1
  Use: Potion            ||     2
Armor: Robe              ||     1
Dodge: Dodged            ||     6

Table legend: (Time is in decaauts)
 A = Elapsed time spent in this place.
 B = Non-inter-level travel time spent in this place.
 C = Inter-level travel time spent in this place.
 D = Time resting spent in this place.
 E = Time spent auto-exploring this place.
 F = Levels seen in this place.
 G = Mean time per level.
                   A        B        C        D        E       F      G
               +--------+--------+--------+--------+--------+-----+--------+
         Total |    760 |    760 |      0 |    518 |     97 |   1 |  760.0 |
       Dungeon |    760 |    760 |      0 |    518 |     97 |   1 |  760.0 |
               +--------+--------+--------+--------+--------+-----+--------+

Top non-repeatable levels by time:
       D: 760 daAuts
